 Dungeon Crawl Stone Soup version 0.26-a0-639-g72c4674329 (webtiles) character file.

Game seed: 15740159595271313403

12490 Flugslaktarn the Cleaver (level 11, -4/108 HPs)
             Began as a Deep Dwarf Fighter on Sept 24, 2020.
             Was an Elder of Makhleb.
             Headbutted by a minotaur (13 damage)
             ... in a Gauntlet.
             The game lasted 00:04:45 (6252 turns).

Flugslaktarn the Cleaver (Deep Dwarf Fighter)       Turns: 6252, Time: 00:04:46

Health: -4/108     AC: 19    Str: 34    XL:     11   Next: 63%
Magic:  8/8        EV: 11    Int: 11    God:    Makhleb [****..]
Gold:   347        SH:  0    Dex: 12    Spells: 10/10 levels left

rFire    . . .     SeeInvis .   w - +2 battleaxe (elec)
rCold    . . .     Faith    +   (shield currently unavailable)
rNeg     . . .     Spirit   .   v - +0 chain mail
rPois    .         Reflect  .   z - +2 helmet {Int+3}
rElec    .         Harm     .   B - +2 cloak
rCorr    .         Rampage  .   (no gloves)
MR       ++...     NoTele   +   y - +0 pair of boots of the Armoured One {Str+4}
Stlth    ..........             A - amulet of faith
HPRegen  0.00/turn              m - ring of protection from magic
MPRegen  0.11/turn              l - +6 ring of strength

@: mighty, lethally poisoned (-4 -> -4), non-regenerating
A: damage resistance, heal wounds, sense surroundings 2, no regeneration
a: Heal Wounds, Minor Destruction, Lesser Servant of Makhleb, Major Destruction,
Renounce Religion


You were in a Gauntlet.
You worshipped Makhleb.
Makhleb was greatly pleased with you.
You visited 2 branches of the dungeon, and saw 12 of its levels.
You also visited: Gauntlet.

You collected 523 gold pieces.
You spent 176 gold pieces at shops.

Inventory:

Hand Weapons
 a - a +1 war axe
 w - a +2 battleaxe of electrocution (weapon)
   (You took it off an orc warrior on level 9 of the Dungeon)
Armour
 c - a +0 kite shield
 o - a +1 cloak
   (You found it on level 4 of the Dungeon)
 v - a +0 chain mail (worn)
   (You took it off an orc warrior on level 6 of the Dungeon)
 y - the +0 pair of boots of the Armoured One (worn) {Str+4}
   (You found it in a Gauntlet)

   It affects your strength (+4).
 z - a +2 helmet of intelligence (worn)
   (You found it in a Gauntlet)
 B - a +2 cloak (worn)
   (You found it in a Gauntlet)
Jewellery
 e - an uncursed amulet of magic regeneration {unknown}
   (You found it on level 7 of the Dungeon)
 l - a +6 ring of strength (right hand)
   (You found it on level 8 of the Dungeon)
 m - a ring of protection from magic (left hand)
   (You found it on level 5 of the Dungeon)
 A - an amulet of faith (around neck)
   (You found it on level 5 of the Dungeon)
Wands
 b - a wand of digging (7)
   (You found it on level 6 of the Dungeon)
 j - a wand of iceblast (9)
   (You found it on level 8 of the Dungeon)
Scrolls
 i - 2 scrolls of immolation
 k - a scroll of silence
 p - a scroll of summoning
 s - 3 scrolls of enchant weapon
 t - 5 scrolls of teleportation
 u - a scroll of torment
 x - a scroll of remove curse
Potions
 d - a potion of might
 f - a potion of stabbing
 g - a potion of flight
 h - 3 potions of haste
 n - 5 potions of mutation
 q - a potion of curing
 r - a potion of heal wounds {unknown}
Miscellaneous
 F - a condenser vane (2/2)
   (You found it in a Gauntlet)


   Skills:
 * Level 10.0 Fighting
 * Level 11.4 Axes
 + Level 8.7 Armour
 + Level 4.8 Dodging
 - Level 7.3 Shields
 + Level 6.7 Invocations


You had 10 spell levels left.
You didn't know any spells.
Your spell library was empty.

Dungeon Overview and Level Annotations

Branches:
Dungeon (11/15)            Temple (1/1) D:7            Lair (0/6) D:11
    Orc (0/2) D:10        Gauntlet (1/1)

Altars:
Ashenzari
Cheibriados
Dithmenos
Elyvilon
Fedhas
Hepliaklqana
Kikubaaqudgha
Makhleb
Nemelex Xobeh
Qazlal
Ru
Sif Muna
Trog
Uskayaw
Vehumet
Xom
Yredelemnul
Zin
The Shining One

Shops:
D:5 [   D:10 *

Annotations:
D:7 2 runed translucent doors Gauntlet 8 transporters


Innate Abilities, Weirdness & Mutations

You are resistant to damage.
You can heal yourself by infusing magical energy.
You passively map the area around you.
You do not regenerate.


Message History

The minotaur gores you.
You slice the minotaur like a ripe choko!!!
Lightning courses through the minotaur!
The minotaur is severely wounded.
The minotaur hits you with an uncursed staff of poison!!
The minotaur envenoms you!
You are more poisoned.
The minotaur gores you but does no damage.
You hit the minotaur but do no damage.
The minotaur is severely wounded.
The minotaur hits you with an uncursed staff of poison!!
* * * LOW HITPOINT WARNING * * *
The minotaur envenoms you!
* * * LOW HITPOINT WARNING * * *
You are more poisoned.
The minotaur gores you.
* * * LOW HITPOINT WARNING * * *
You closely miss the minotaur.
The minotaur furiously retaliates!
The minotaur headbutts you!
You die...

##########.........############
##...©.©.©...## #.............#
###.###.###.### ##.###.###.###
#.............# #.###.###.###.#
#.###.###.###.# #.......H@....#
######'####### ... ###. * ..,
≈≈H ≈≈≈≈ * *###*


You could see a minotaur.

Vanquished Creatures
  Harold (D:9)
  3 two-headed ogres (D:10)
  A soul eater (Gauntlet)
  A fire crab (Gauntlet)
  Pikel (D:5)
  A cyclops (D:10)
  Maggie (D:6)
  An efreet (Gauntlet)
  2 trolls (D:10)
  Grinder (D:5)
  A hippogriff (D:6)
  Sigmund (D:5)
  3 fire bats (Gauntlet)
  A fire elemental (Gauntlet)
  2 wyverns
  2 hell hounds (Gauntlet)
  A water moccasin (D:10)
  An ice beast (D:10)
  8 orc warriors
  A phantom (D:6)
  5 sky beasts
  2 ogres
  8 centaurs
  2 crocodiles
  2 big kobolds (D:10)
  5 bullfrogs
  A wyvern zombie (D:10)
  3 scorpions
  8 killer bees (D:10)
  5 wights (D:8)
  8 howler monkeys
  2 jellies
  A centaur skeleton (D:5)
  9 hounds
  A gnoll shaman (D:10)
  5 orc priests
  2 bullfrog skeletons
  2 iguanas
  9 orc wizards
  3 worker ants
  A killer bee zombie (D:10)
  A hound skeleton (D:6)
  3 worker ant zombies
  10 adders
  4 gnolls (D:10)
  2 river rats (D:5)
  6 shadow imps
  3 white imps
  3 ufetubi
  An adder skeleton (D:5)
  A worm (D:4)
  3 dart slugs (D:2)
  4 leopard geckos
  35 orcs
  A ball python (D:1)
  3 giant cockroaches
  2 hobgoblins
  8 jackals
  5 quokkas
  4 bats (D:2)
  2 frilled lizards
  A goblin (D:3)
  12 kobolds
  A leopard gecko skeleton (D:9)
  A quokka skeleton (D:4)
  4 rats
238 creatures vanquished.

Vanquished Creatures (others)
  A plant (Gauntlet)
1 creature vanquished.

Grand Total: 239 creatures vanquished

Notes
Turn   | Place    | Note
-------+----------+-------------------------------------------
     0 | D:1      | Flugslaktarn the Deep Dwarf Fighter began the quest for the
                  | Orb.
     0 | D:1      | Reached XP level 1. HP: 20/20 MP: 1/1
   182 | D:1      | Reached XP level 2. HP: 24/27 MP: 2/2
   428 | D:2      | Reached XP level 3. HP: 28/34 MP: 3/3
   580 | D:3      | Reached skill level 3 in Axes
   811 | D:5      | Entered Level 5 of the Dungeon
   819 | D:5      | Noticed Sigmund
   840 | D:5      | Reached XP level 4. HP: 40/42 MP: 4/4
   867 | D:5      | Killed Sigmund
   867 | D:5      | Reached skill level 4 in Axes
   867 | D:5      | Reached XP level 5. HP: 16/50 MP: 5/5
   867 | D:5      | Reached XP level 6. HP: 18/57 MP: 6/6
   891 | D:5      | Noticed Pikel
   896 | D:5      | Noticed Grinder
   919 | D:5      | Killed Pikel
   919 | D:5      | Reached skill level 5 in Fighting
   919 | D:5      | Reached skill level 5 in Axes
   919 | D:5      | Reached XP level 7. HP: 65/67 MP: 5/5
   934 | D:5      | Killed Grinder
   934 | D:5      | Reached skill level 6 in Axes
   934 | D:5      | Reached skill level 5 in Armour
   934 | D:5      | Reached skill level 5 in Shields
  1046 | D:4      | Reached XP level 8. HP: 45/75 MP: 6/6
  1178 | D:4      | Found a glowing silver altar of Zin.
  1598 | D:5      | Found Giunoxi's Antique Armour Shop.
  1959 | D:6      | Noticed a hippogriff
  1966 | D:6      | Killed a hippogriff
  2024 | D:6      | Reached skill level 7 in Axes
  2295 | D:6      | Noticed Maggie
  2324 | D:6      | Killed Maggie
  2324 | D:6      | Reached skill level 8 in Axes
  2324 | D:6      | Gained mutation: You passively map the area around you.
                  | [Deep Dwarf growth]
  2324 | D:6      | Reached XP level 9. HP: 55/85 MP: 4/4
  2558 | D:7      | Found a blossoming altar of Fedhas.
  2577 | D:7      | Found a shattered altar of Ashenzari.
  2623 | D:7      | Found a faded altar of an unknown god.
  2623 | D:7      | Found a faded altar of an unknown god.
  2628 | D:7      | Found a radiant altar of Vehumet.
  2630 | D:7      | Found a shimmering blue altar of Sif Muna.
  2631 | D:7      | Found a snail-covered altar of Cheibriados.
  2650 | D:7      | Found a staircase to the Ecumenical Temple.
  2795 | Temple   | Entered the Ecumenical Temple
  3065 | Temple   | Became a worshipper of Makhleb the Destroyer
  3198 | D:7      | Found a runed translucent door.
  3200 | D:7      | Found a runed translucent door.
  3200 | D:7      | Noticed a two-headed ogre
  3253 | D:7      | Reached skill level 1 in Invocations
  3261 | D:7      | Reached skill level 1 in Dodging
  3766 | D:8      | Found a hide-covered altar of Uskayaw.
  3767 | D:8      | Noticed a +0 hand axe
  3767 | D:8      | Noticed a +0 hand axe
  4001 | D:8      | Reached skill level 9 in Axes
  4003 | D:8      | Reached * piety under Makhleb
  4295 | D:8      | Reached XP level 10. HP: 67/96 MP: 6/6
  4340 | D:9      | Noticed Harold
  4366 | D:9      | Killed Harold
  4663 | D:9      | Reached ** piety under Makhleb
  4763 | D:9      | Found a shadowy altar of Dithmenos.
  5154 | D:10     | Entered Level 10 of the Dungeon
  5163 | D:10     | Noticed a two-headed ogre
  5183 | D:10     | Killed a two-headed ogre
  5183 | D:10     | Reached skill level 10 in Axes
  5253 | D:10     | Reached skill level 5 in Invocations
  5277 | D:10     | Found Olamn's Assorted Antiques.
  5284 | D:10     | Bought a potion of mutation for 176 gold pieces
  5422 | D:10     | Noticed a cyclops
  5428 | D:10     | Killed a cyclops
  5445 | D:10     | Noticed a two-headed ogre
  5451 | D:10     | Killed a two-headed ogre
  5451 | D:10     | Reached XP level 11. HP: 53/106 MP: 6/8
  5518 | D:10     | Reached *** piety under Makhleb
  5550 | D:10     | Found a staircase to the Orcish Mines.
  5559 | D:10     | Noticed a two-headed ogre
  5569 | D:10     | Killed a two-headed ogre
  5784 | D:10     | Reached skill level 11 in Axes
  5913 | D:11     | Found a gate leading to a gauntlet.
  5922 | Gauntlet | Entered a Gauntlet
  5922 | Gauntlet | Found a transporter.
  5922 | Gauntlet | Found a transporter.
  5922 | Gauntlet | Found a runed translucent door.
  5922 | Gauntlet | Found a runed translucent door.
  5922 | Gauntlet | Noticed a soul eater
  5934 | Gauntlet | Found a transporter.
  5934 | Gauntlet | Noticed a catoblepas
  5952 | Gauntlet | Found a transporter.
  5952 | Gauntlet | Found a transporter.
  5952 | Gauntlet | Found a transporter.
  5954 | Gauntlet | Found a transporter.
  5954 | Gauntlet | Found a transporter.
  5966 | Gauntlet | Found a transporter.
  5983 | Gauntlet | Found a transporter.
  5984 | Gauntlet | Noticed a ghost crab
  5990 | Gauntlet | Noticed a fire crab
  5992 | Gauntlet | Found a transporter.
  5996 | Gauntlet | Found a runed translucent door.
  6010 | Gauntlet | Found a transporter.
  6027 | Gauntlet | Found a transporter.
  6038 | Gauntlet | Found a transporter.
  6073 | Gauntlet | Killed a soul eater
  6073 | Gauntlet | Reached **** piety under Makhleb
  6107 | Gauntlet | Got a pair of fine boots
  6130 | Gauntlet | Identified the +0 pair of boots of the Armoured One {Str+4}
                  | (You found it in a Gauntlet)
  6217 | Gauntlet | Killed a fire crab
  6217 | Gauntlet | Reached skill level 10 in Fighting
  6242 | Gauntlet | Identified the ring of Egomania {rF- rN+ rCorr Dex+4}
  6242 | Gauntlet | Noticed a minotaur
  6252 | Gauntlet | Headbutted by a minotaur

Illustrated notes

Levels and vault maps discovered:
D:1:      dpeg_arrival_chambers_temple_mockup, layout_basic,
          serial_bayou_pond_a, minivault_24, minmay_indecisive_spiral
D:2:      layout_loops_corners, okawaru_altar_gauntlet_db
D:3:      layout_loops_ring, old_standard_altar, lemuel_coloured_pillars_altar,
          st_stairs_9
D:4:      layout_loops_ring, old_standard_altar, item_on_display_b
D:5:      layout_basic, portal_sewer_entry_b, serial_shops, shop_statue,
          minmay_misc_feat_alley, uniq_sigmund, uniq_grinder, uniq_pikel
D:6:      layout_cave_pods, uniq_maggie
D:7:      minmay_the_grid_triangle_9x9_rhombus_thin
          [minmay_the_grid_triangle_9x9_empty,
          minmay_the_grid_triangle_9x9_prize_insulated,
          minmay_the_grid_triangle_9x9_tough_junction,
          minmay_the_grid_triangle_9x9_checkered], layout_basic,
          ashenzari_conservatory_becter, chequers_temple_overflow_minitemple,
          temple_pool_b, fedhas_altar_2
D:8:      layout_gridville, dancing_weapons_uskayaw, nrook_campfire,
          kennysheep_small_circle
D:9:      layout_layer_cave, grunt_dithmenos_smoke, uniq_harold
D:10:     minmay_s_stair_smasher, layout_basic, david_orc_3, serial_shops, shop
D:11:     layout_long_grid, david_lair_generic, gauntlet_entry_generic
Temple:   oiseaux_autumnal_temple
Gauntlet: gammafunk_gauntlet_mixed_choke_point
          [minmay_gauntlet_arena_77_two_paths, minmay_gauntlet_arena_77_cramped,
          minmay_gauntlet_arena_77_chump_sandwich,
          nicolae_gauntlet_arena_grate_2, minmay_gauntlet_arena_77_block_sizes,
          minmay_gauntlet_arena_77_box, minmay_gauntlet_arena_77_path,
          gauntlet_exit_watery]

Skill      XL: |  1  2  3  4  5  6  7  8  9 10 11 |
---------------+----------------------------------+-----
Fighting       | 3 4 5 6 8 9 10 | 10.0
Axes           | 3 4 5 6 8 9 10 11 | 11.4
Armour         | 4 5 6 7 8 |  8.7
Shields        | 4 5 6 7 |  7.3
Invocations    | 3 5 6 |  6.7
Dodging        | 1 3 4 |  4.8

Action                   |  1- 3 |  4- 6 |  7- 9 | 10-12 || total
-------------------------+-------+-------+-------+-------++-------
Melee: War axe           |   122 |    50 |   352 |    27 ||   551
       Battleaxe         |       |       |       |   211 ||   211
 Abil: Heal Wounds       |     2 |     4 |    16 |    13 ||    35
  Use: Potion            |       |     3 |       |     5 ||     8
       Scroll            |       |       |    13 |     6 ||    19
Armor: Scale mail        |    78 |    19 |    55 |       ||   152
       Chain mail        |       |       |    85 |   169 ||   254
Dodge: Dodged            |    45 |    11 |    81 |   177 ||   314
Block: Kite shield       |   101 |    19 |   167 |    12 ||   299

Table legend: (Time is in decaauts)
 A = Elapsed time spent in this place.
 B = Non-inter-level travel time spent in this place.
 C = Inter-level travel time spent in this place.
 D = Time resting spent in this place.
 E = Time spent auto-exploring this place.
 F = Levels seen in this place.
 G = Mean time per level.
                   A        B        C        D        E       F      G
               +--------+--------+--------+--------+--------+-----+--------+
         Total |   6430 |   6096 |    334 |     35 |   4441 |  13 |  494.6 |
       Dungeon |   5775 |   5479 |    296 |      0 |   4033 |  11 |  525.0 |
        Temple |    314 |    277 |     37 |      0 |    273 |   1 |  314.0 |
      Gauntlet |    340 |    340 |      0 |     35 |    134 |   1 |  340.0 |
               +--------+--------+--------+--------+--------+-----+--------+

Top non-repeatable levels by time:
     D:9: 902 daAuts
    D:10: 735 daAuts
     D:7: 731 daAuts
     D:8: 697 daAuts
     D:6: 681 daAuts
     D:4: 645 daAuts
     D:5: 591 daAuts
     D:2: 402 daAuts
Gauntlet: 340 daAuts
  Temple: 314 daAuts
     D:1: 199 daAuts
     D:3: 128 daAuts
    D:11: 58 daAuts
